 Dungeon Crawl Stone Soup version 0.28.0-49-g6dfe1f597d (webtiles) character file.

Game seed: 12069428208486439156

1315 NinjaNoafa the Cudgeller (level 8, -3/70 HPs)
             Began as a Minotaur Monk on May 17, 2022.
             Succumbed to Duvessa's poison
             ... on level 5 of the Dungeon.
             The game lasted 00:12:46 (5179 turns).

NinjaNoafa the Cudgeller (Minotaur Monk)            Turns: 5179, Time: 00:12:46

Health: -3/70      AC:  7    Str: 15    XL:     8   Next: 33%
Magic:  7/7        EV: 14    Int: 11    God:
Gold:   113        SH:  0    Dex: 16    Spells: 7/7 levels left

rFire   + . .      SeeInvis .   e - +7 flail of Agumporr {drain, rF+ Will+ Int+4}
rCold   . . .      Faith    .   (no shield)
rNeg    . . .      Spirit   .   a - +3 troll leather armour {Pargi}
rPois   .          Reflect  .   (helmet restricted)
rElec   .          Harm     .   (no cloak)
rCorr   .          Rampage  .   (no gloves)
Will    +....                   (no boots)
Stlth   +++.......              c - amulet of regeneration
HPRegen 1.81/turn               (no ring)
MPRegen 0.10/turn               (no ring)

@: mighty, lethally poisoned (-3 -> -16), hasted, very quick
A: horns 2, retaliatory headbutt
a: no special abilities


You were on level 5 of the Dungeon.
You visited 1 branch of the dungeon, and saw 5 of its levels.

You collected 283 gold pieces.
You spent 170 gold pieces at shops.

Inventory:

Hand Weapons
 e - the +7 flail of Agumporr (weapon) {drain, rF+ Will+ Int+4}
   (You bought it in a shop on level 2 of the Dungeon)

   A truly terrible weapon, it drains the life of any living foe it strikes.
   Int:       It affects your intelligence (+4).
   rF:        It protects you from fire.
   Will:      It increases your willpower.
Missiles
 b - 2 boomerangs
 d - 222 stones
 f - 3 atropa-tipped darts
 i - 2 poisoned darts (quivered)
Armour
 a - a +3 troll leather armour (worn) {Pargi}
Jewellery
 c - an amulet of regeneration (around neck)
Scrolls
 g - a scroll of noise
 k - a scroll of identify
Potions
 l - a potion of ambrosia


   Skills:
 - Level 6.0 Fighting
 - Level 4.4(6.0) Axes
 - Level 6.3(7.0) Maces & Flails
 + Level 1.2 Throwing
 - Level 3.4 Armour
 - Level 5.0 Dodging
 - Level 5.0 Stealth


You had 7 spell levels left.
You didn't know any spells.
Your spell library contained the following spells:

 Spells                   Type           Power      Damage    Failure   Level
 Stone Arrow              Conj/Erth      0%         3d7       78%         3
 Animate Armour           Summ/Erth      0%         N/A       99%         4
 Lehudib's Crystal Spear  Conj/Erth      0%         10d2      100%        8


Dungeon Overview and Level Annotations

Branches:
Dungeon (5/15)
 Temple: D:4-7

Altars:

Shops:
D:2 (

Annotations:
D:4 3 runed translucent doors, KittyFluff's ghost, novice GrBe; elongatedgoose's ghost, amateur DsNe
D:5 Dowan; Duvessa


Innate Abilities, Weirdness & Mutations

You have a pair of horns on your head.
You reflexively headbutt those who attack you in melee.


Message History

You completely miss something. Your headbutt misses something.
You feel very sick. The orc closely misses you. Something hits you.
You are more poisoned.
You hit something.
You feel very sick. The orc misses you. Something hits you.
You are more poisoned.
The orc hits you but does no damage.
You hit something. Your headbutt misses something.
You feel extremely sick. The orc closely misses you. Something hits you.
You are more poisoned.
You sock something! You headbutt something.
You feel extremely sick. The orc misses you. Something hits you.
The orc barely misses you.
You barely miss something. You headbutt something.
You feel extremely sick.
The orc hits you from afar with a +0 trident.
* * * LOW HITPOINT WARNING * * *
Something hits you.
* * * LOW HITPOINT WARNING * * *
You are lethally poisoned!
The orc closely misses you.
You feel yourself speed up.
* * * LOW HITPOINT WARNING * * *
You feel extremely sick. Something hits you.
* * * LOW HITPOINT WARNING * * *
You are more poisoned.
The orc hits you from afar with a +0 trident.
* * * LOW HITPOINT WARNING * * *
* * * LOW HITPOINT WARNING * * *
You feel very sick.
The orc priest calls down the wrath of Beogh upon you.
Something writhes in agony.
Unknown command.
It was a potion of might.
You feel very mighty all of a sudden.
You die...

##...##.....###......
####'##########......
#........>...#.......
#............#.......
#.>...<......#...†...
####.##...####)##...#
###+#######...####.##...#
(....o)............#....#
.....o#{@..........#....# .....
#............#....# ....
#............#....# ...
##...##.##..###...# #.
#...##+##..###...#
########....#.......[....
########...........#............
#.......<..........#...........#
#..................#.†.........#


You could see an orc priest.

Vanquished Creatures
  Grinder (D:3)
  Pargi (D:3)
  A centaur (D:4)
  2 scorpions
  A water moccasin zombie (D:5)
  A water moccasin skeleton (D:4)
  A centaur zombie (D:5)
  4 hounds
  A bullfrog skeleton (D:5)
  Jessica (D:3)
  A centaur skeleton (D:4)
  2 iguanas
  4 orc wizards
  Natasha (thrice) (D:2)
  A hound skeleton (D:5)
  Robin (D:3)
  7 gnolls
  4 adders
  2 adder skeletons (D:4)
  7 dart slugs
  A worm (D:4)
  11 orcs
  7 ball pythons
  9 bats
  5 endoplasms
  3 giant cockroaches
  16 goblins
  6 hobgoblins
  3 jackals (D:1)
  3 quokkas
  5 frilled lizards
  6 kobolds
  7 rats
128 creatures vanquished.

Vanquished Creatures (others)
  An orc wizard (D:3)
  6 withered plants (D:4)
7 creatures vanquished.

Grand Total: 135 creatures vanquished

Notes
Turn   | Place    | Note
-------+----------+-------------------------------------------
     0 | D:1      | NinjaNoafa the Minotaur Monk began the quest for the Orb.
     0 | D:1      | Reached XP level 1. HP: 19/19 MP: 0/0
   199 | D:1      | Reached skill level 1 in Armour
   428 | D:1      | Reached XP level 2. HP: 21/27 MP: 1/1
   541 | D:1      | Found a faded altar of an unknown god.
  1333 | D:1      | Reached XP level 3. HP: 28/33 MP: 2/2
  1429 | D:2      | Noticed Natasha
  1445 | D:2      | Killed Natasha
  1847 | D:2      | Noticed Natasha
  1852 | D:2      | Killed Natasha
  1853 | D:2      | Reached XP level 4. HP: 21/41 MP: 3/3
  2072 | D:2      | Noticed Natasha
  2153 | D:2      | Found Sitakut's Antique Weapon Emporium.
  2395 | D:2      | Killed Natasha
  3022 | D:3      | Noticed Pargi
  3051 | D:3      | Killed Pargi
  3052 | D:3      | Reached XP level 5. HP: 38/47 MP: 4/4
  3336 | D:3      | Reached XP level 6. HP: 53/53 MP: 5/5
  3456 | D:3      | Noticed Grinder
  3614 | D:3      | Paralysed by Grinder for 2 turns
  3887 | D:2      | Bought a dazzling flail for 170 gold pieces
  3887 | D:2      | Identified the +7 flail of Agumporr {drain, rF+ Will+
                  | Int+4} (You bought it in a shop on level 2 of the Dungeon)
  3957 | D:3      | Noticed Robin
  3966 | D:3      | Killed Robin
  4088 | D:3      | Killed Grinder
  4089 | D:3      | Reached skill level 5 in Dodging
  4089 | D:3      | Reached skill level 5 in Fighting
  4089 | D:3      | Reached XP level 7. HP: 50/62 MP: 6/6
  4116 | D:3      | Noticed Jessica
  4117 | D:3      | Killed Jessica
  4251 | D:4      | Reached skill level 5 in Maces & Flails
  4273 | D:4      | Found a runed translucent gate.
  4275 | D:4      | Found a runed translucent gate.
  4275 | D:4      | Found a runed translucent gate.
  4277 | D:4      | Noticed elongatedgoose's ghost (amateur DsNe)
  4277 | D:4      | Noticed KittyFluff's ghost (novice GrBe)
  4716 | D:4      | Reached XP level 8. HP: 70/70 MP: 7/7
  4818 | D:5      | Entered Level 5 of the Dungeon
  5109 | D:5      | Reached skill level 5 in Stealth
  5126 | D:5      | Reached skill level 1 in Throwing
  5163 | D:5      | Noticed Duvessa
  5163 | D:5      | Noticed Dowan
  5178 | D:5      | HP: 1/70 [poisoned by Duvessa]
  5179 | D:5      | Succumbed to Duvessa's poison

Illustrated notes

Levels and vault maps discovered:
D:1:      dpeg_arrival_tiny_d, layout_loops_corners,
          ebering_ecumenical_altar_abandoned, minmay_misc_feat_pillars,
          minivault_25, st_stairs_12
D:2:      minmay_alternating_diamond, layout_basic, serial_shops, shop,
          corner_web_ring, uniq_natasha
D:3:      layout_basic, minivault_19, minmay_misc_feat_four_crosses,
          st_stairs_10, roderic_lattice_a, uniq_grinder, uniq_pargi, uniq_robin,
          uniq_jessica
D:4:      layout_basic, gammafunk_ghost_cemetery
D:5:      layout_gridville, kennysheep_small_square, uniq_duvessa

Skill      XL: |  1  2  3  4  5  6  7  8 |
---------------+-------------------------+-----
Armour         | 1 2 3 |  3.4
Fighting       | 4 5 6 |  6.0
Axes           | 4 |  4.4
Maces & Flails | 4 6 |  6.3
Dodging        | 5 |  5.0
Stealth        | 3 5 |  5.0
Throwing       | 1 |  1.2

Action                   |  1- 3 |  4- 6 |  7- 9 || total
-------------------------+-------+-------+-------++-------
Melee: Hand axe          |    84 |    22 |       ||   106
       Headbutt          |     5 |    16 |    15 ||    36
       Dagger            |       |    80 |       ||    80
       Punch             |       |     1 |       ||     1
       Flail             |       |    15 |   108 ||   123
Throw: Boomerang         |       |       |    11 ||    11
       Dart              |       |       |    13 ||    13
       Stone             |       |       |     7 ||     7
  Use: Potion            |     2 |     2 |     3 ||     7
       Scroll            |       |     3 |     4 ||     7
 Stab: Sleeping          |     3 |     2 |     3 ||     8
Armor: Robe              |    22 |       |       ||    22
       Leather armour    |       |    23 |       ||    23
       Troll leather arm |       |    35 |    47 ||    82
Dodge: Dodged            |    74 |   108 |   116 ||   298
